 Dungeon Crawl Stone Soup version 0.25-a0-1133-g93ebf73 (webtiles) character file.

Game seed: 10717912287929507786, levelgen mode: deterministic

191 thirtiethelement the Sneak (level 5, 0/33 HPs)
             Began as an Octopode Venom Mage on May 21, 2020.
             Slain by a black bear (3 damage)
             ... on level 3 of the Dungeon.
             The game lasted 00:18:48 (2419 turns).

thirtiethelement the Sneak (Octopode Venom Mage)    Turns: 2419, Time: 00:18:49

Health: 0/33       AC:  1    Str:  7    XL:     5   Next: 70%
Magic:  9/9        EV: 13    Int: 18    God:
Gold:   136        SH:  0    Dex: 13    Spells: 8/9 levels left

rFire    x . .     SeeInvis .   m - +0 dagger (venom)
rCold    + . .     Gourm    .   (no shield)
rNeg     . . .     Faith    .   (helmet restricted)
rPois    .         Spirit   .   u - amulet of regeneration
rElec    .         Reflect  .   k - ring of protection from magic
rCorr    .         Harm     .   q - ring of ice
MR       +....                  (no ring)
Stlth    ++++......             (no ring)
HPRegen  0.51/turn              (no ring)
MPRegen  0.11/turn              (no ring)
                                (no ring)
                                (no ring)

@: no status effects
A: almost no armour, stealthy swim, amphibious, 8 rings, constrict 8, camouflage
1, gelatinous body 1
a: no special abilities


You were on level 3 of the Dungeon.
You were not hungry.

You visited 1 branch of the dungeon, and saw 3 of its levels.

You collected 136 gold pieces.

Inventory:

Hand Weapons
 m - a +0 dagger of venom (weapon)
Missiles
 e - 78 stones (quivered)
Jewellery
 k - a ring of protection from magic (left tentacle)
 l - a -4 ring of dexterity
 q - a ring of ice (right tentacle)
 u - an amulet of regeneration (around mantle)
Scrolls
 c - 2 scrolls of amnesia
 d - a scroll of blinking {unknown}
 f - 2 scrolls of identify
 h - a scroll of teleportation
 j - 2 scrolls of remove curse
 s - 2 scrolls of fear
 v - a scroll of enchant armour {unknown}
 w - a scroll of random uselessness {unknown}
Potions
 a - a potion of heal wounds {unknown}
 g - 2 potions of resistance {unknown}
 i - a potion of might {unknown}
 n - a potion of mutation {unknown}
 o - a potion of haste {unknown}
 p - a potion of cancellation {unknown}
 r - a potion of curing {unknown}
 t - a potion of flight {unknown}
Comestibles
 b - 4 rations


   Skills:
 * Level 1.3 Fighting
 * Level 1.5 Short Blades
 + Level 2.3 Dodging
 * Level 5.1 Stealth
 + Level 0.1 Unarmed Combat
 + Level 2.6 Spellcasting
 + Level 1.6 Transmutations
 + Level 4.4 Poison Magic


You had 8 spell levels left.
You knew the following spells:

 Your Spells              Type           Power        Failure   Level  Hunger
a - Sting                 Tmut/Pois      ##..         4%          1    #......

Your spell library contained the following spells:

 Spells                   Type           Power        Failure   Level  Hunger
 Poisonous Vapours        Pois/Air       ##....       11%         2    ##.....
 Ignite Poison            Fire/Tmut/Pois #.......     22%         3    ###....
 Olgreb's Toxic Radiance  Pois           ###.....     26%         4    #####..
 Mephitic Cloud           Conj/Pois/Air  #.......     28%         3    ###....


Dungeon Overview and Level Annotations

Branches:
Dungeon (3/15)

Altars:


Innate Abilities, Weirdness & Mutations

You cannot wear most types of armour.
You are very stealthy in the water. (Stealth+)
You are amphibious.
You can wear up to eight rings at the same time.
You can use your tentacles to constrict eight enemies at once.
Your skin changes colour to match your surroundings (Stealth+).
Your rubbery body absorbs attacks. (AC +1, EV +1)


Message History

f - 2 scrolls of identify (gained 1)
You see here a quarterstaff.
Found a robe.
A black bear comes into view.
You see here a robe.
Found a silvery potion.
The helpless black bear fails to defend itself.
You puncture the black bear!
The black bear looks as sick as possible!
Your grab misses the black bear. You squeeze the black bear.
The black bear is severely wounded.
The black bear bites you! The black bear claws you. x2
The black bear goes berserk!
You see here a robe.
The black bear bites you!
* * * LOW HITPOINT WARNING * * *
The black bear claws you.
* * * LOW HITPOINT WARNING * * *
The black bear claws you.
You die...

#.# #.# ..#..#
#.#
#.####....#
#.#
#.##....#.#
#.#
#..)...##.####
#.#
####)#........
#.#
#.####.####
#.# #.# #.#
#.# ### ###
#@# #h# #.#
#[# #.# #.#
... .#.#.
!##....


You could see a black bear (berserk, extremely poisoned).

Vanquished Creatures
  A bullfrog zombie (D:3)
  An iguana (D:3)
  8 adders
  An ooze (D:1)
  A worm (D:3)
  A dart slug (D:1)
  3 leopard geckos (D:3)
  3 giant cockroaches
  6 goblins
  3 hobgoblins (D:2)
  8 kobolds
  10 bats
  2 frilled lizards
  7 rats
55 creatures vanquished.

Notes
Turn   | Place    | Note
-------+----------+-------------------------------------------
     0 | D:1      | thirtiethelement the Octopode Venom Mage began the quest
                  | for the Orb.
     0 | D:1      | Reached XP level 1. HP: 11/11 MP: 3/3
   296 | D:1      | Reached XP level 2. HP: 2/17 MP: 3/5
   936 | D:1      | Reached skill level 3 in Stealth
   986 | D:1      | Reached XP level 3. HP: 14/22 MP: 6/6
  1453 | D:2      | Reached XP level 4. HP: 18/27 MP: 7/7
  1897 | D:2      | Reached skill level 1 in Short Blades
  1897 | D:2      | Reached skill level 4 in Stealth
  2004 | D:3      | Reached skill level 1 in Fighting
  2004 | D:3      | Reached XP level 5. HP: 16/33 MP: 5/8
  2218 | D:3      | Reached skill level 5 in Stealth
  2408 | D:3      | Noticed a black bear
  2419 | D:3      | Slain by a black bear

Illustrated notes

Levels and vault maps discovered:
D:1:      ncdulo_wetmaze, layout_loops_ring, minmay_misc_feat_roman
D:2:      layout_loops_ring
D:3:      kennysheep_the_goblin_king, layout_loops_ring

Skill      XL: |  1  2  3  4  5 |
---------------+----------------+-----
Poison Magic   | 4 |  4.4
Stealth        | 3 4 5 |  5.1
Short Blades   | 1 |  1.5
Fighting       | 1 |  1.3
Dodging        | |  2.3
Unarmed Combat | |  0.1
Spellcasting   | |  2.6
Transmutations | |  1.6

Action                   |  1- 3 |  4- 6 || total
-------------------------+-------+-------++-------
Melee: Unarmed           |     8 |       ||     8
       Constrict         |    16 |    13 ||    29
       Dagger            |    59 |    48 ||   107
       Tentacles         |     3 |     7 ||    10
 Cast: Sting             |     5 |     9 ||    14
  Use: Scroll            |     3 |     1 ||     4
 Stab: Sleeping          |    12 |     9 ||    21
  Eat: Ration            |     1 |     1 ||     2
Armor: Skin              |     2 |     4 ||     6
Dodge: Dodged            |    37 |    30 ||    67

Table legend:
 A = Non-vault XP
 B = Vault XP
 C = Vault XP percentage of total XP
 D = Non-vault monster count
 E = Vault monster count
 F = Vault count percentage of total count
                 A         B        C        D         E       F
            +---------+---------+-------+---------+---------+-------
      Total |     274 |       0 |   0.0 |      55 |       0 |   0.0
            +---------+---------+-------+---------+---------+-------
        D:1 |      35 |       0 |   0.0 |      18 |       0 |   0.0
        D:2 |     104 |       0 |   0.0 |      21 |       0 |   0.0
        D:3 |     135 |       0 |   0.0 |      16 |       0 |   0.0
            +---------+---------+-------+---------+---------+-------
